 Dungeon Crawl Stone Soup version 0.31-a0-851-g7ff8af7976 (webtiles) character file.

Game seed: 11150017380068753442

90 randomguy2701 the Cruncher (level 4, -2/32 HPs)
             Began as a Gnoll Wanderer on Oct 6, 2023.
             Succumbed to an orc's poison
             ... on level 3 of the Dungeon.
             The game lasted 00:02:21 (2191 turns).

randomguy2701 the Cruncher (Gnoll Wanderer)         Turns: 2191, Time: 00:02:21

Health: -2/32      AC:  7    Str: 11    XL:     4   Next: 56%
Magic:  5/5        EV: 11    Int: 10    God:
Gold:   138        SH:  0    Dex: 15    Spells: 5/5 levels left

rFire   . . .        a - +2 quarterstaff
rCold   . . .        (shield currently unavailable)
rNeg    . . .        c - +0 scale mail
rPois   .            (no helmet)
rElec   .            (no cloak)
rCorr   .            (no gloves)
SInv    .            (no boots)
Will    .....        (no amulet) Stlth
                     (no ring)
HPRegen 0.25/turn    (no ring)
MPRegen 0.09/turn

%: no passive effects
@: mighty, lethally poisoned (-2 -> -17)
A: fangs 1, strong nose, distributed training
a: no special abilities


You were on level 3 of the Dungeon.
You visited 1 branch of the dungeon, and saw 3 of its levels.

You collected 138 gold pieces.

Inventory:

Hand Weapons
 a - a +2 quarterstaff (weapon)
Armour
 c - a +0 scale mail (worn)
Scrolls
 g - a scroll of acquirement {unknown}
 h - a scroll of blinking {unknown}
 i - a scroll of immolation {unknown}
 k - a scroll of enchant weapon {unknown}
 l - 2 scrolls of identify {unknown}
 n - a scroll of fog {unknown}
 q - a scroll of amnesia {unknown}
 r - a scroll of teleportation {unknown}
Potions
 b - a potion of attraction
 d - a potion of haste
 j - a potion of curing {unknown}
 m - a potion of mutation {unknown}
 o - a potion of heal wounds {unknown}
 p - a potion of lignification {unknown}


   Skills:
 + Level 1.2 Fighting
 + Level 1.2 Short Blades
 + Level 1.2 Long Blades
 + Level 1.2 Axes
 + Level 1.2 Maces & Flails
 + Level 1.2 Polearms
 + Level 8.6 Staves
 + Level 1.2 Ranged Weapons
 + Level 1.2 Throwing
 + Level 6.6 Armour
 + Level 6.6 Dodging
 + Level 1.2 Stealth
 + Level 1.2 Shields
 + Level 1.2 Unarmed Combat
 + Level 1.2 Spellcasting
 + Level 1.0 Conjurations
 + Level 1.0 Hexes
 + Level 1.0 Summonings
 + Level 1.0 Necromancy
 + Level 1.0 Translocations
 + Level 1.0 Transmutations
 + Level 1.0 Fire Magic
 + Level 1.0 Ice Magic
 + Level 1.0 Air Magic
 + Level 1.0 Earth Magic
 + Level 1.0 Poison Magic
 + Level 1.3 Invocations
 + Level 1.2 Evocations
 + Level 1.1 Shapeshifting


You had 5 spell levels left.
You didn't know any spells.
Your spell library contained the following spells:

 Spells                   Type           Power      Damage    Failure   Level
 Sandblast                Erth           4%         2d4       73%         1
 Cigotuvi's Dreadful Rot  Necr/Pois/Air  4%         N/A       86%         2
 Passwall                 Tmut/Erth      1%         N/A       86%         2
 Stone Arrow              Conj/Erth      4%         3d7       97%         3
 Volatile Blastmotes      Fire/Tloc      4%         2d10      97%         3
 Animate Dead             Necr           2%         N/A       100%        4
 Brom's Barrelling Bould  Conj/Erth      2%         2d3       100%        4
 Dispel Undead            Necr           2%         3d7       100%        4
 Fulminant Prism          Conj/Hex       1%         3d5       100%        4
 Iskenderun's Mystic Bla  Conj/Tloc      2%         2d3       100%        4
 Borgnjor's Vile Clutch   Necr/Erth      1%         N/A       100%        5
 Death Channel            Necr           1%         N/A       100%        6


Dungeon Overview and Level Annotations

Branches:
Dungeon (3/15)

Altars:
Qazlal
Trog


Innate Abilities, Weirdness & Mutations

You have very sharp teeth.
Your uncanny sense of smell can sniff out nearby items.
Your experience applies equally to all skills.


Message History

The orc wizard is lightly wounded.
You feel very sick. The orc misses you.
The orc wizard hits you but does no damage.
The orc completely misses you.
You hit the orc wizard but do no damage.
The orc wizard is lightly wounded.
You feel sick.
You hit the orc wizard.
The orc wizard is heavily wounded.
You feel sick. The orc hits you but does no damage.
You are more poisoned.
The orc closely misses you. The orc wizard misses you.
You barely miss the orc wizard. Your bite misses the orc wizard.
The orc wizard is heavily wounded.
You feel very sick.
The orc hits you with a +2 dagger of venom.
You are more poisoned.
The orc hits you but does no damage.
The orc wizard hits you with a +0 dagger.
You feel very sick. The orc attacks as it pursues you!
The orc closely misses you.
The orc wizard casts a spell.
The orc wizard flickers and vanishes!
Deactivating autopickup; reactivate with Ctrl-A.
There is an open door here.
You feel very sick.
You feel very sick. The orc attacks as it pursues you!
The orc hits you with a +2 dagger of venom.
* * * LOW HITPOINT WARNING * * *
You are more poisoned.
Unknown command.
It was a potion of might.
You feel very mighty all of a sudden.
* * * LOW HITPOINT WARNING * * *
You feel very sick. The orc barely misses you.
It was a potion of magic.
Magic courses through your body.
You die...

####### ∆ ..##... ######
########'#..#. #....#
#..........#.. # #....#
#..........#.. ####
##.#....###..........#..
....
...'....+.#..........#..
....
##.#....#.#..........#..
....
.......@oo)..........>..
####
##.######'#...####.##...
###### ......{....#.#
#.#.... .....#
......o....#... ..#....
..##.#
...........########....
..##.# .........#.#
#.... ...#.#
############.# #....
...#.# #..........#.#
#.... ...#.#
#........#.#.# #....


You could see 2 orcs.

Vanquished Creatures
  2 adders
  6 orcs (D:3)
  6 endoplasms
  6 giant cockroaches
  3 goblins (D:2)
  10 hobgoblins
  6 jackals
  3 quokkas
  3 ball pythons
  6 bats
  3 frilled lizards (D:2)
  2 kobolds
  2 rats (D:1)
58 creatures vanquished.

Notes
Turn   | Place    | Note
-------+----------+-------------------------------------------
     0 | D:1      | randomguy2701 the Gnoll Wanderer began the quest for the
                  | Orb.
     0 | D:1      | randomguy2701 set off with the following items: a +2
                  | quarterstaff, a potion of attraction, a +0 scale mail, a
                  | potion of haste.
     0 | D:1      | Reached XP level 1. HP: 13/13 MP: 1/1
    72 | D:1      | Reached XP level 2. HP: 19/19 MP: 2/2
   319 | D:1      | Reached XP level 3. HP: 25/25 MP: 3/3
  1034 | D:2      | Reached skill level 1 in Invocations
  1229 | D:2      | Reached skill level 1 in Fighting
  1229 | D:2      | Reached skill level 1 in Short Blades
  1229 | D:2      | Reached skill level 1 in Long Blades
  1229 | D:2      | Reached skill level 1 in Axes
  1229 | D:2      | Reached skill level 1 in Maces & Flails
  1229 | D:2      | Reached skill level 1 in Polearms
  1229 | D:2      | Reached skill level 1 in Ranged Weapons
  1229 | D:2      | Reached skill level 1 in Throwing
  1229 | D:2      | Reached skill level 1 in Stealth
  1229 | D:2      | Reached skill level 1 in Shields
  1229 | D:2      | Reached skill level 1 in Unarmed Combat
  1229 | D:2      | Reached skill level 1 in Spellcasting
  1229 | D:2      | Reached skill level 1 in Evocations
  1277 | D:2      | Reached XP level 4. HP: 25/32 MP: 5/5
  1433 | D:2      | Found a faded altar of an unknown god.
  1551 | D:2      | Reached skill level 1 in Shapeshifting
  1812 | D:3      | Found a bloodstained altar of Trog.
  2022 | D:3      | Found a stormy altar of Qazlal.
  2070 | D:3      | Reached skill level 1 in Conjurations
  2070 | D:3      | Reached skill level 1 in Hexes
  2070 | D:3      | Reached skill level 1 in Summonings
  2070 | D:3      | Reached skill level 1 in Necromancy
  2070 | D:3      | Reached skill level 1 in Translocations
  2070 | D:3      | Reached skill level 1 in Transmutations
  2070 | D:3      | Reached skill level 1 in Fire Magic
  2070 | D:3      | Reached skill level 1 in Ice Magic
  2070 | D:3      | Reached skill level 1 in Air Magic
  2070 | D:3      | Reached skill level 1 in Earth Magic
  2070 | D:3      | Reached skill level 1 in Poison Magic
  2191 | D:3      | Succumbed to an orc's poison

Illustrated notes

Levels and vault maps discovered:
D:1:      elethiomel_arrival_infinity_welcomes_careful_drivers,
          layout_loops_cross, minmay_misc_feat_cross
D:2:      layout_loops_ring, hellmonk_ecumenical_altar_leap_of_faith
D:3:      layout_basic, lemuel_tele_altar, mainiacjoe_overflow_cross_hatched,
          hangedman_decor_growths, corexii_leaking_fountain

Skill      XL: |  1  2  3  4 |
---------------+-------------+-----
Invocations    | 1 |  1.3
Fighting       | 1 |  1.2
Short Blades   | 1 |  1.2
Long Blades    | 1 |  1.2
Axes           | 1 |  1.2
Maces & Flails | 1 |  1.2
Polearms       | 1 |  1.2
Ranged Weapons | 1 |  1.2
Throwing       | 1 |  1.2
Stealth        | 1 |  1.2
Shields        | 1 |  1.2
Unarmed Combat | 1 |  1.2
Spellcasting   | 1 |  1.2
Evocations     | 1 |  1.2
Shapeshifting  | 1 |  1.1
Conjurations   | 1 |  1.0
Hexes          | 1 |  1.0
Summonings     | 1 |  1.0
Necromancy     | 1 |  1.0
Translocations | 1 |  1.0
Transmutations | 1 |  1.0
Fire Magic     | 1 |  1.0
Ice Magic      | 1 |  1.0
Air Magic      | 1 |  1.0
Earth Magic    | 1 |  1.0
Poison Magic   | 1 |  1.0
Staves         | |  8.6
Armour         | |  6.6
Dodging        | |  6.6

Action                     |  1- 3 |  4- 6 || total
---------------------------+-------+-------++-------
  Melee: Quarterstaff      |    91 |    54 ||   145
         Bite              |     3 |     6 ||     9
    Use: Potion            |       |     2 ||     2
 Armour: Scale mail        |    47 |    41 ||    88
  Dodge: Dodged            |    39 |    42 ||    81

Table legend: (Time is in decaauts)
 A = Elapsed time spent in this place.
 B = Non-inter-level travel time spent in this place.
 C = Inter-level travel time spent in this place.
 D = Time resting spent in this place.
 E = Time spent auto-exploring this place.
 F = Levels seen in this place.
 G = Mean time per level.
                   A        B        C        D        E       F      G
               +--------+--------+--------+--------+--------+-----+--------+
         Total |   2172 |   2108 |     64 |      0 |   1802 |   3 |  724.0 |
       Dungeon |   2172 |   2108 |     64 |      0 |   1802 |   3 |  724.0 |
               +--------+--------+--------+--------+--------+-----+--------+

Top non-repeatable levels by time:
     D:1: 893 daAuts
     D:2: 764 daAuts
     D:3: 514 daAuts
